Map: New Repugnancy LE

Players

PtitDrogo - Winner!

  • Race: Protoss Protoss
  • League: Master
  • Spawn Location: 1:00

Lambo

  • Race: Zerg Zerg
  • Spawn Location: 7:00

Event: 2019 WCS Winter Europe

VOD

Have the link to the VOD?

Description

Time

  • Played on: April 7, 2019, 11:53 a.m.
  • Length: 8:11

All games in this series

Show
View Real Time Build Order
Export as new Build Order

PtitDrogo Protoss - Winner!

Build Orders: 1 Gate Expand, Zealot Archon, Archon Drop, Dark Templar Rush 

Get SALT Encoding   

  12  0:00  Probe  
  13  0:12  Probe  
  14  0:19  Pylon  
  14  0:25  Probe  
  15  0:33  Probe  
  15  0:41  Probe  
  16  0:43  Gateway  
  17  0:51  Probe  
  17  0:52  Assimilator  
  18  1:04  Probe  
  19  1:16  Probe  
  20  1:29  Nexus  
  20  1:31  Probe  
  21  1:39  Cybernetics Core  
  21  1:44  Probe  
  22  1:48  Assimilator  
  22  1:55  Pylon  
  22  1:57  Probe  
  23  2:06  Adept  
  23  2:13  Probe  
  24  2:20  Twilight Council  
  26  2:25  Probe  
  26  2:28  Warp Gate  
  27  2:35  Probe  
  27  2:36  Stalker  
  29  2:38  Probe  
  29  2:43  Probe  
  31  2:46  Probe  
  33  2:52  Probe  
  33  2:56  Probe  
  35  3:00  Robotics Facility  
  35  3:04  Probe  
  36  3:08  Probe  
  36  3:16  Probe  
  37  3:20  Dark Shrine  
  37  3:21  Probe  
  38  3:28  Probe  
  38  3:31  Gateway  
  39  3:40  Gateway  
  39  3:41  Gateway, Warp Prism  
  39  3:44  Probe x2  
  41  3:55  Assimilator  
  43  4:01  Assimilator  
  43  4:02  Pylon, Probe  
  44  4:04  Probe  
  44  4:09  Pylon  
  45  4:14  Probe  
  46  4:21  Adept  
  46  4:22  Probe  
  49  4:33  Probe  
  49  4:34  Probe  
  51  4:41  Dark Templar x4  
  51  4:45  Archon x2  
  59  4:46  Pylon  
  59  4:48  Pylon  
  59  4:50  Observer  
  59  4:51  Probe x2  
  62  5:06  Immortal  
  62  5:07  Nexus  
  62  5:18  Probe x2  
  68  5:28  Zealot x3  
  74  5:42  Probe  
  75  5:44  Charge  
  75  5:45  Sentry, Forge  
  77  5:55  Probe  
  77  5:56  Pylon  
  78  5:59  Gateway  
  78  6:08  Immortal  
  78  6:12  Gateway x2, Probe x2  
  78  6:16  Sentry, Pylon  
  86  6:20  Probe  
  86  6:21  Probe  
  86  6:23  Probe  
  88  6:31  Probe  
  89  6:32  Probe  
  89  6:33  Probe  
  89  6:36  Pylon  
  89  6:38  Dark Templar  
  89  6:39  Dark Templar  
  96  6:44  Probe  
  96  6:46  Probe  
  98  6:47  Probe  
  98  6:51  Pylon  
  99  6:54  Assimilator  
  99  6:55  Templar Archives  
  99  6:56  Probe  
  99  6:59  Immortal  
  100  7:05  Probe  
  100  7:07  Probe  
  102  7:10  Probe  
  102  7:11  Pylon  
  102  7:15  Assimilator  
  107  7:17  Probe  
  108  7:28  Probe  
  103  7:38  High Templar x3  
  103  7:39  Zealot x4  
  103  7:43  Photon Cannon  
  113  7:44  Shield Battery  
  113  7:46  Archon  
Show
View Real Time Build Order
Export as new Build Order

Lambo Zerg 

Build Orders: Hatch First 

Get SALT Encoding   

  12  0:00  Drone  
  13  0:12  Overlord  
  13  0:17  Drone  
  14  0:30  Drone x2  
  16  0:44  Drone  
  17  0:53  Hatchery  
  17  0:54  Drone  
  17  0:59  Drone  
  17  1:01  Extractor  
  17  1:14  Spawning Pool  
  17  1:17  Drone  
  17  1:20  Drone  
  18  1:28  Drone  
  19  1:42  Overlord  
  19  1:51  Drone  
  20  2:00  Queen  
  22  2:03  Metabolic Boost  
  22  2:04  Zergling x2  
  22  2:07  Zergling x2  
  24  2:10  Queen  
  24  2:13  Zergling x2  
  27  2:16  Drone  
  27  2:21  Drone  
  29  2:36  Hatchery  
  28  2:42  Drone  
  28  2:43  Drone  
  30  2:46  Drone  
  30  2:51  Overlord  
  31  2:55  Drone  
  31  2:58  Drone  
  33  3:01  Drone  
  33  3:04  Drone  
  35  3:07  Spore Crawler  
  35  3:09  Drone  
  34  3:13  Drone  
  34  3:15  Drone  
  34  3:16  Drone  
  34  3:17  Drone  
  38  3:22  Drone, Overlord  
  38  3:25  Drone x2  
  41  3:27  Drone  
  42  3:35  Extractor, Queen  
  45  3:41  Drone x2  
  45  3:44  Drone x2  
  45  3:46  Lair  
  48  3:49  Drone  
  48  3:53  Drone, Roach Warren  
  49  3:56  Extractor  
  49  3:57  Drone, Extractor  
  49  4:01  Spore Crawler  
  49  4:02  Drone  
  48  4:04  Drone  
  48  4:05  Drone  
  48  4:08  Overlord  
  50  4:16  Drone  
  51  4:17  Overlord  
  51  4:21  Overlord  
  51  4:28  Overlord  
  51  4:31  Overlord  
  51  4:33  Roach x5  
  51  4:34  Zergling x2  
  62  4:43  Overseer  
  62  4:44  Roach x2, Zergling x2  
  62  4:45  Zergling x4  
  69  4:47  Drone x2  
  69  4:50  Drone  
  69  4:51  Drone  
  73  4:53  Glial Reconstitution  
  73  4:59  Drone x2  
  75  5:00  Drone x2  
  75  5:01  Drone  
  75  5:03  Overlord  
  78  5:07  Overlord  
  78  5:09  Overlord  
  74  5:15  Drone x3  
  74  5:19  Drone x2  
  77  5:23  Drone x2  
  77  5:29  Drone x2  
  77  5:30  Drone  
  77  5:31  Drone  
  78  5:37  Drone x2  
  78  5:41  Drone  
  70  5:43  Drone  
  70  5:46  Drone  
  70  5:49  Drone  
  73  5:51  Drone  
  73  5:53  Drone x2  
  73  5:54  Drone  
  73  5:55  Drone  
  78  5:59  Extractor x2, Evolution Chamber  
  78  6:01  Drone  
  78  6:03  Drone x2  
  76  6:12  Drone  
  76  6:14  Drone x2  
  76  6:16  Extractor  
  76  6:17  Drone x2  
  76  6:18  Drone x2  
  82  6:19  Drone  
  81  6:28  Drone x3  
  84  6:33  Roach x4  
  84  6:34  Baneling Nest  
  84  6:37  Drone  
  84  6:38  Drone  
  93  6:43  Roach  
  93  6:44  Hatchery  
  94  6:47  Drone  
  94  6:49  Roach x3  
  94  6:52  Roach x2  
  105  7:01  Overlord  
  105  7:03  Overlord  
  105  7:06  Overlord  
  105  7:07  Drone, Overlord  
  106  7:09  Overlord  
  106  7:10  Overlord  
  106  7:12  Overlord  
  106  7:15  Overlord  
  105  7:17  Overseer  
  105  7:18  Overlord  
  105  7:19  Overseer  
  100  7:28  Roach x2  
Tags
 
Add a new tag
Caveats
  • Supply blocks, unpowered buildings, or Contaminate may cause inaccurate times.
  • Supply counts are checked every 10 seconds.